 Dungeon Crawl Stone Soup version 0.16.1-4-g8e1b745 (webtiles) character file.

140 FlamingWeapons the Insei (level 5, -3/37 HPs)
             Began as a Human Wanderer on Mar 26, 2015.
             Slain by a goliath beetle (12 damage)
             ... on level 6 of the Dungeon.
             The game lasted 00:16:07 (2966 turns).

FlamingWeapons the Insei (Human Wanderer)           Turns: 2966, Time: 00:16:07

Health: -3/37      AC:  6    Str: 11    XL:     5   Next: 47%
Magic:  5/5        EV: 10    Int: 12    God:
Gold:   106        SH:  4    Dex: 19    Spells: 0 memorised, 4 levels left

rFire  . . .     SeeInvis .       - Unarmed
rCold  . . .     Clarity  .     e - +0 robe
rNeg   . . .     SustAb   .     q - +0 buckler
rPois  +         Gourm    .     (no helmet)
rElec  .         Spirit   .     (no cloak)
rCorr  .         Warding  .     u - +2 pair of gloves
rMut   .         Stasis   .     g - +0 pair of boots
MR     .....                    (no amulet)
Stlth  ++........               v - ring of poison resistance
                                j - +4 ring of dexterity

@: not resistant to hostile enchantments, unstealthy
A: no striking features
a: no special abilities


You were on level 6 of the Dungeon.
You were hungry.

You visited 1 branch of the dungeon, and saw 6 of its levels.

You collected 106 gold pieces.

Inventory:

Hand weapons
 a - a +3 dagger
Missiles
 i - 42 stones (quivered)
Armour
 e - a +0 robe (worn)
 g - a +0 pair of boots (worn)
 q - a +0 buckler (worn)
 u - a +2 pair of gloves (worn)
Jewellery
 j - a +4 ring of dexterity (left hand)
 v - a ring of poison resistance (right hand)
Scrolls
 c - 2 scrolls of teleportation
 h - 4 scrolls of identify {unknown}
 k - 2 scrolls of remove curse {unknown}
 o - a scroll of noise {unknown}
 p - a scroll of amnesia {unknown}
 s - 2 scrolls of fear {unknown}
Potions
 b - a potion of berserk rage
 d - 2 potions of lignification
 m - a potion of poison {unknown}
 r - a potion of curing {unknown}
 w - a potion of cancellation {unknown}
Comestibles
 f - 3 bread rations
 l - 2 meat rations


   Skills:
 - Level 1.0 Fighting
 - Level 1.0 Throwing
 - Level 2.0 Stealth
 - Level 0.2 Shields
 * Level 5.7 Unarmed Combat
   Level 2.0 Hexes
   Level 1.0 Air Magic


You had 4 spell levels left.
You didn't know any spells.

Dungeon Overview and Level Annotations

Branches:
Dungeon (6/15)
 Temple: D:4-7

Altars:

Shops:
D:6 !

Annotations:
D:5 Natasha


Message History

You hit the goliath beetle.
The goliath beetle is heavily wounded.
The goliath beetle misses you.
You hit the goliath beetle.
The goliath beetle is severely wounded.
You hit the goliath beetle but do no damage.
The goliath beetle is severely wounded.
You hit the goliath beetle but do no damage.
The goliath beetle is severely wounded.
You hit the goliath beetle but do no damage.
The goliath beetle is severely wounded.
You hit the goliath beetle.
The goliath beetle is severely wounded.
You see here a bat corpse.
You hit the goliath beetle but do no damage.
The goliath beetle is severely wounded.
You hit the goliath beetle but do no damage.
The goliath beetle is severely wounded.
The goliath beetle bites you!
You die...

#####..###.......#
..............# #.
#####.#..##### ....
###......########### ..#..
###.....#.##...).....#
.....##....##†<......<.....#
...........###..............#
.........#####B.............#
.............@∩.###.........#
......########### #.........#
.... ########### ... #


You could see a goliath beetle.

Vanquished Creatures
  Natasha (D:5)
  4 adders
  A giant mite (D:1)
  A worm (D:2)
  2 giant geckos
  7 bats
  4 giant cockroaches
  12 goblins
  5 hobgoblins
  An ooze (D:2)
  A ball python (D:1)
  A giant gecko zombie (D:4)
  6 giant newts
  12 kobolds
  2 quokkas
  7 rats
67 creatures vanquished.

Notes
Turn   | Place    | Note
--------------------------------------------------------------
     0 | D:1      | FlamingWeapons, the Human Wanderer, began the quest for the Orb.
     0 | D:1      | FlamingWeapons set off with: a +2 dagger, a potion of berserk rage, a scroll of teleportation, a potion of lignification, a +0 robe, a bread ration
     0 | D:1      | Reached XP level 1. HP: 15/15 MP: 1/1
   424 | D:2      | Reached XP level 2. HP: 19/21 MP: 2/2
   607 | D:1      | Reached skill level 4 in Unarmed Combat
   607 | D:1      | Reached XP level 3. HP: 18/26 MP: 3/3
  1448 | D:2      | Reached XP level 4. HP: 11/32 MP: 4/4
  1959 | D:2      | Reached skill level 5 in Unarmed Combat
  2332 | D:3      | Reached XP level 5. HP: 35/37 MP: 5/5
  2669 | D:5      | Entered Level 5 of the Dungeon
  2716 | D:5      | Noticed Natasha
  2731 | D:5      | Killed Natasha
  2751 | D:5      | Noticed Natasha
  2751 | D:5      | Found a staircase to the Ecumenical Temple.
  2800 | D:6      | Found Shrint's Distillery.
  2966 | D:6      | Slain by a goliath beetle

Action                   |  1- 3 |  4- 6 || total
-------------------------+-------+-------++-------
Melee: Dagger            |   110 |    94 ||   204
       Unarmed           |       |    71 ||    71
Throw: Stone             |     4 |     9 ||    13
  Use: Scroll            |       |     1 ||     1
 Stab: Sleeping          |     4 |     4 ||     8
  Eat: Chunk             |     2 |     4 ||     6
